 Dungeon Crawl Stone Soup version 0.31-a0-217-g58bb5d79cf (webtiles) character file.

Game seed: 6793315432853043707

88 qw the Chopper (level 4, -1/28 HPs)
             Began as a Gargoyle Fighter on July 2, 2023.
             Slain by Grinder (4 damage)
             ... on level 3 of the Dungeon.
             The game lasted 00:00:58 (1604 turns).

qw the Chopper (Gargoyle Fighter)                   Turns: 1604, Time: 00:00:59

Health: -1/28      AC: 11    Str: 22    XL:     4   Next: 53%
Magic:  4/4        EV:  9    Int:  8    God:
Gold:   107        SH:  4    Dex:  9    Spells: 3/3 levels left

rFire   . . .        Y - +0 war axe
rCold   . . .        c - +0 buckler
rNeg    + . .        b - +0 scale mail
rPois   inf          (no helmet)
rElec   +            (no cloak)
rCorr   .            (no gloves)
SInv    .            i - +0 pair of boots
Will    .....        (no amulet) Stlth
                     (no ring)
HPRegen 0.24/turn    (no ring)
MPRegen 0.09/turn

%: no passive effects
@: no status effects
A: sickness immunity, AC +3, negative energy resistance 1, electricity
resistance, torment resistance 1, petrification resistance
a: no special abilities


You were on level 3 of the Dungeon.
You visited 1 branch of the dungeon, and saw 3 of its levels.

You collected 107 gold pieces.


Innate Abilities, Weirdness & Mutations

You are immune to sickness and miasma.
Your stone body is resilient. (AC +3)
You are immune to poison.
You resist negative energy. (rN+)
You are resistant to electric shocks. (rElec)
You are resistant to unholy torment.
You are immune to petrification.


   Skills:
 - Level 3.2 Fighting
 + Level 4.2 Axes
 - Level 3.2 Armour
 - Level 3.2 Shields


You had 3 spell levels left.
You didn't know any spells.
Your spell library was empty.

Inventory:

Hand Weapons
 h - a +0 whip
 Y - a +0 war axe (weapon)
Armour
 b - a +0 scale mail (worn)
 c - a +0 buckler (worn)
 i - a +0 pair of boots (worn)
Scrolls
 a - 3 scrolls of silence {unknown}
 j - a scroll of vulnerability {unknown}
 k - a scroll of fear {unknown}
Potions
 d - a potion of might
 e - a potion of mutation {unknown}
 f - a potion of lignification
 g - a potion of brilliance {unknown}

Dungeon Overview and Level Annotations

Branches:
Dungeon (3/15)

Altars:

Shops:
D:1 *

Annotations:
D:3 Grinder


Message History

Grinder is heavily wounded.
Grinder hits you but does no damage. x2
You slash Grinder!
Grinder is almost dead.
Grinder blinks!
Grinder gestures at you.
You suddenly lose the ability to move!
Grinder gestures at you. Pain shoots through your body!
Grinder hits you but does no damage.
You can move again.
You closely miss Grinder.
Grinder is almost dead.
A giant cockroach comes into view.
Grinder blinks!
You hit Grinder but do no damage.
Grinder is almost dead.
Grinder hits you. Grinder hits you but does no damage.
You hit Grinder but do no damage.
Grinder is almost dead.
Grinder grins, showing sharp teeth.
Grinder blinks!
The giant cockroach bites you but does no damage. x2
You closely miss the giant cockroach. Grinder gestures at you.
You resist with significant effort. The giant cockroach closely misses you.
You closely miss the giant cockroach. The giant cockroach closely misses you.
The giant cockroach barely misses you. Grinder hits you but does no damage.
You barely miss Grinder.
Grinder is almost dead.
You hit the giant cockroach. The giant cockroach barely misses you.
Grinder gestures at you. Pain shoots through your body!
The giant cockroach barely misses you.
You barely miss Grinder.
Grinder is almost dead.
You hit the giant cockroach. Grinder hits you.
You die...

#...............##
#....###....).....
#.#### #........##
#)# ###.....## #.#
#<....# #.# ##...##
####.#### #.....#
#.......# #.......#
#.#5@...# #.........#
#...B.....+.........+
#.......###.........#
#.......# ##.......##
#.#...#.# #.......#
###.##### #.


You could see Grinder and a giant cockroach.

Vanquished Creatures
  Ijyb (D:3)
  A dart slug (D:2)
  3 orcs (D:3)
  5 endoplasms
  5 giant cockroaches
  4 goblins (D:1)
  5 hobgoblins
  7 jackals
  5 kobolds
  A quokka (D:1)
  4 ball pythons (D:1)
  5 bats
  2 frilled lizards (D:1)
  A rat (D:2)
49 creatures vanquished.

Notes
Turn   | Place    | Note
-------+----------+-------------------------------------------
     0 | D:1      | qw the Gargoyle Fighter began the quest for the Orb.
     0 | D:1      | Reached XP level 1. HP: 14/14 MP: 1/1
     0 | D:1      | 0 ||| qw: Version: 0.3-a-40-ge99b1a8
     0 | D:1      | 0 ||| qw: Game counter: 88
     0 | D:1      | 0 ||| qw: Melee chars always use a shield: true
     0 | D:1      | 0 ||| qw: God list: Okawaru
     0 | D:1      | 0 ||| qw: Allow faded altars: false
     0 | D:1      | 0 ||| qw: Do Orc after clearing Dungeon:15 true
     0 | D:1      | 0 ||| qw: Do second Lair branch before Depths: true
     0 | D:1      | 0 ||| qw: Lair rune preference: random
     0 | D:1      | 0 ||| qw: Goals: Normal, Zot:1-4, Slime:5, God:TSO, Crypt,
                  | Tomb, Abyss, Pan, Hells, Win
     0 | D:1      | 0 ||| PLANNING D:1-11
    43 | D:1      | Reached skill level 2 in Axes
   124 | D:1      | 124 ||| Stepping ~*~*~tactically~*~*~ (hiding).
   133 | D:1      | Reached XP level 2. HP: 17/19 MP: 2/2
   172 | D:1      | 172 ||| Stepping ~*~*~tactically~*~*~ (stealth).
   201 | D:1      | 201 ||| Stepping ~*~*~tactically~*~*~ (stealth).
   212 | D:1      | 212 ||| Stepping ~*~*~tactically~*~*~ (stealth).
   215 | D:1      | 215 ||| Stepping ~*~*~tactically~*~*~ (stealth).
   257 | D:1      | 257 ||| Stepping ~*~*~tactically~*~*~ (stealth).
   303 | D:1      | Reached skill level 3 in Axes
   310 | D:1      | 310 ||| Stepping ~*~*~tactically~*~*~ (stealth).
   317 | D:1      | Reached XP level 3. HP: 22/23 MP: 3/3
   431 | D:1      | Found Puhahe's Assorted Antiques.
   446 | D:1      | 446 ||| SHOPLISTING dazzling scale mail (252 gold, have 0).
   446 | D:1      | 446 ||| SHOPLISTING dented fluorescent amulet (140 gold,
                  | have 0).
   446 | D:1      | 446 ||| SHOPLISTING plate armour (644 gold, have 0).
   446 | D:1      | 446 ||| SHOPLISTING scroll labelled HUMANUKHLUACS (28 gold,
                  | have 0).
   446 | D:1      | 446 ||| SHOPLISTING scroll labelled WYALOSSAMA (28 gold,
                  | have 0).
   684 | D:1      | 684 ||| UPGRADING to +0 pair of boots.
   689 | D:1      | 689 ||| READING 2 scrolls labelled ODDEOK AXKAG.
   690 | D:1      | 690 ||| READING scroll labelled HUMANUKHLUACS.
   693 | D:1      | 693 ||| READING scroll labelled KAPNUT OMOG.
   694 | D:1      | 694 ||| DRINKING 2 metallic emerald potions.
   718 | D:1      | 718 ||| DROPPING scroll of amnesia.
   993 | D:2      | 993 ||| Stepping ~*~*~tactically~*~*~ (hiding).
  1427 | D:2      | 1427 ||| READING scroll labelled XALUKO YNNYNO.
  1428 | D:2      | 1428 ||| READING scroll labelled WYALOSSAMA.
  1429 | D:2      | 1429 ||| DRINKING 2 grey potions.
  1430 | D:2      | 1430 ||| DROPPING potion of invisibility.
  1451 | D:3      | Noticed Ijyb
  1466 | D:3      | Killed Ijyb
  1467 | D:3      | Reached skill level 4 in Axes
  1467 | D:3      | Reached XP level 4. HP: 14/28 MP: 4/4
  1568 | D:3      | Noticed Grinder
  1581 | D:3      | Paralysed by Grinder for 5 turns
  1591 | D:3      | Paralysed by Grinder for 5 turns
  1593 | D:3      | HP: 7/28 [Grinder/nerve-wracking pain (6)]
  1598 | D:3      | HP: 7/28 [Grinder (1)]
  1603 | D:3      | HP: 3/28 [Grinder/nerve-wracking pain (6)]
  1604 | D:3      | Slain by Grinder

Levels and vault maps discovered:
D:1:      lightli_arrival_windingriver, layout_loops_ring, serial_shops,
          nicolae_shop_peninsula, st_stairs_1, minmay_misc_feat_chi,
          chequers_serial_rivers_small_a
D:2:      layout_loops_ring
D:3:      layout_loops_corners, serial_shops, shop,
          shapermc_ecumenical_altar_ellora, uniq_ijyb, uniq_grinder

Skill      XL: |  1  2  3 |
---------------+----------+-----
Axes           | 2 3 4 |  4.2
Fighting       | |  3.2
Armour         | |  3.2
Shields        | |  3.2

Action                     |  1- 3 |  4- 6 || total
---------------------------+-------+-------++-------
  Melee: War axe           |   133 |    26 ||   159
    Use: Scroll            |     5 |       ||     5
         Potion            |     2 |       ||     2
 Armour: Scale mail        |    74 |    14 ||    88
  Dodge: Dodged            |    58 |    12 ||    70
  Block: Buckler           |    18 |     3 ||    21

Table legend:
 A = Non-vault XP
 B = Vault XP
 C = Vault XP percentage of total XP
 D = Non-vault monster count
 E = Vault monster count
 F = Vault count percentage of total count
                 A         B        C        D         E       F
            +---------+---------+-------+---------+---------+-------
      Total |      87 |      39 |  31.0 |      46 |       3 |   6.1
            +---------+---------+-------+---------+---------+-------
        D:1 |      49 |       3 |   5.8 |      28 |       2 |   6.7
        D:2 |      29 |       0 |   0.0 |      15 |       0 |   0.0
        D:3 |       9 |      36 |  80.0 |       3 |       1 |  25.0
            +---------+---------+-------+---------+---------+-------
